 Dungeon Crawl Stone Soup version 0.19-a0-1057-g15bb84d (webtiles) character file.

2639 mistymad the Ruffian (level 9, -12/88 HPs)
             Began as a Troll Earth Elementalist on Aug 2, 2016.
             Mangled by a manticore (13 damage)
             ... on level 8 of the Dungeon.
             The game lasted 00:15:42 (5702 turns).

mistymad the Ruffian (Troll Earth Elementalist)     Turns: 5702, Time: 00:15:44

Health: -12/88     AC:  7    Str: 18    XL:     9   Next: 35%
Magic:  0/14       EV: 10    Int: 14    God:
Gold:   311        SH:  0    Dex: 10    Spells: 4 memorised, 11 levels left

rFire  . . .     SeeInvis +       - Unarmed
rCold  . . .     Gourm    +     c - +0 robe
rNeg   . . .     Faith    .     (no shield)
rPois  .         Spirit   +     (helmet restricted)
rElec  .         Dismiss  .     E - +1 cloak
rCorr  .         Reflect  .     (gloves unavailable)
SustAt .         Harm     .     (boots unavailable)
MR     +....                    B - amulet of guardian spirit
Stlth  +.........               F - ring of protection from magic
                                k - ring of see invisible

@: confusing touch (expiring), somewhat resistant to hostile enchantments, very
unstealthy
A: unfitting armour, claws 3, fast metabolism 3, gourmand, regeneration 2,
shaggy fur 1, tough skin 2
a: no special abilities


You were on level 8 of the Dungeon.
You were completely stuffed.

You visited 2 branches of the dungeon, and saw 9 of its levels.

You collected 311 gold pieces.

Inventory:

Hand Weapons
 G - a +0 giant spiked club
Missiles
 b - 10 javelins of returning (quivered)
 t - 3 throwing nets
Armour
 c - a +0 robe (worn)
 E - a +1 cloak (worn)
Jewellery
 k - a ring of see invisible (left claw)
 o - an uncursed ring of flight
 w - an uncursed ring of ice
 B - an amulet of guardian spirit (around neck)
 F - a ring of protection from magic (right claw)
Wands
 n - a wand of slowing (19/48)
 r - a wand of digging (19/24)
 y - a wand of random effects (23/48)
Scrolls
 a - 2 scrolls of remove curse
 g - a scroll of enchant armour
 h - 2 scrolls of teleportation
 j - 8 scrolls of identify
 m - a scroll of recharging
 s - a scroll of magic mapping
Potions
 f - a potion of cure mutation {unknown}
 i - 2 potions of brilliance
 p - a potion of haste {unknown}
 u - a potion of flight {unknown}
 z - a potion of lignification
 A - 3 potions of curing
 C - a potion of ambrosia {unknown}
 H - a potion of cancellation {unknown}
 J - a potion of magic {unknown}
Books
 e - a book of Geomancy

   Spells                             Type                      Level
   a - Sandblast                      Earth                        1
   b - Passwall                       Transmutation/Earth          2
   c - Stone Arrow                    Conjuration/Earth            3
   d - Petrify                        Transmutation/Earth          4
   e - Lee's Rapid Deconstruction     Earth                        5
Comestibles
 d - 14 bread rations
 l - a meat ration
 q - 2 beef jerkies
 v - a chunk of flesh
 x - 8 fruits


   Skills:
 + Level 5.0 Fighting
 - Level 3.0 Dodging
 - Level 1.1 Stealth
 + Level 6.3 Unarmed Combat
 + Level 4.0 Spellcasting
 - Level 0.6 Transmutations
 + Level 6.1 Earth Magic


You had 11 spell levels left.
You knew the following spells:

 Your Spells              Type           Power        Failure   Level  Hunger
a - Sandblast             Erth           ###...       1%          1    None
b - Passwall              Tmut/Erth      ##........   10%         2    ##.....
c - Confusing Touch       Hex            #.....       21%         1    None
d - Apportation           Tloc           #.........   21%         1    None


Dungeon Overview and Level Annotations

Branches:
Dungeon (8/15)             Temple (1/1) D:7
   Lair: D:8-11

Altars:
Ashenzari
Cheibriados
Dithmenos
Elyvilon
Fedhas
Gozag
Hepliaklqana
Kikubaaqudgha
Makhleb
Nemelex Xobeh
Okawaru
Pakellas
Qazlal
Ru
Sif Muna
Trog
Uskayaw
Vehumet
Xom
Yredelemnul
Zin
The Shining One

Shops:
D:6 [


Innate Abilities, Weirdness & Mutations

You are too large for most types of armour.
You have claws for hands.
Your metabolism is lightning-fast.
You like to eat raw meat.
You heal very quickly.
You are covered in fur. (AC +1)
You have very tough skin. (AC +2)


Message History

The manticore bites you but does no damage.
The manticore claws you.
* * * LOW HITPOINT WARNING * * *
The manticore claws you.
* * * LOW HITPOINT WARNING * * *
You take 2 damage, and have 15/88 hp.
You now have 3/14 mp.
Casting: Confusing Touch
Confirm with . or Enter, or press ? or * to list all spells.
Your claws begin to glow red.
The manticore barely misses you. The manticore claws you.
The manticore claws you!
* * * LOW HITPOINT WARNING * * *
You take 12 damage, and have 3/88 hp.
You now have 0/14 mp.
Unknown command.
You scratch the manticore but do no damage.
You claw the manticore, but do no damage.
The manticore is almost dead.
The manticore bites you.
* * * LOW HITPOINT WARNING * * *
The manticore closely misses you. The manticore claws you!
You die...

.. ... #
..####. .
...#.. ..##.?.#
#
.......######.#
...?...H.......
#.@.......
#.........
#.........
#(........
#<........
##(#####.# #.#
# #.# ...


You could see a manticore.

Vanquished Creatures
  A spriggan (D:7)
  An orc warrior (D:5)
  A phantom (D:4)
  An ice beast (D:7)
  5 ogres
  3 centaurs
  A big kobold (D:7)
  The ghost of Kenran the Cutter, an amateur VSBe of Trog (D:3)
  5 giant frogs
  2 scorpions
  A howler monkey (D:6)
  A centaur skeleton (D:4)
  3 hounds
  3 orc priests
  Crazy Yiuf (D:5)
  An iguana (D:5)
  8 orc wizards
  6 worker ants
  Terence (D:2)
  2 hound skeletons
  Robin (D:2)
  8 gnolls
  9 adders
  2 shadow imps (D:7)
  2 adder skeletons
  2 worms
  3 dart slugs
  7 giant geckos
  20 orcs
  3 ball pythons
  4 giant cockroaches
  12 goblins
  7 hobgoblins
  8 jackals
  2 quokkas
  8 bats
  3 giant newts
  12 kobolds
  A quokka skeleton (D:4)
  A quokka zombie (D:5)
  7 rats
170 creatures vanquished.

Notes
Turn   | Place    | Note
-------+----------+-------------------------------------------
     0 | D:1      | mistymad the Troll Earth Elementalist began the quest for the Orb.
     0 | D:1      | Reached XP level 1. HP: 16/16 MP: 1/1
    28 | D:1      | Reached skill level 1 in Unarmed Combat
    28 | D:1      | Reached XP level 2. HP: 20/26 MP: 2/2
   143 | D:1      | Reached skill level 1 in Fighting
   628 | D:2      | Noticed Terence
   645 | D:2      | Reached XP level 3. HP: 22/33 MP: 4/4
   646 | D:2      | Noticed Robin
   718 | D:2      | Killed Terence
   783 | D:2      | Reached XP level 4. HP: 39/41 MP: 5/5
   794 | D:2      | Killed Robin
  1101 | D:2      | Reached XP level 5. HP: 27/49 MP: 5/7
  1434 | D:3      | Noticed Kenran's ghost (amateur VSBe)
  1445 | D:3      | Killed Kenran's ghost
  1459 | D:3      | Learned a level 2 spell: Passwall
  1461 | D:3      | Learned a level 1 spell: Confusing Touch
  1463 | D:3      | Learned a level 1 spell: Apportation
  1649 | D:3      | Noticed an ogre
  1659 | D:3      | Killed an ogre
  1659 | D:3      | Reached XP level 6. HP: 22/57 MP: 8/8
  1845 | D:3      | Found a hide-covered altar of Uskayaw.
  1845 | D:3      | Found an ancient bone altar of Kikubaaqudgha.
  1862 | D:3      | Found a stormy altar of Qazlal.
  2336 | D:4      | Reached XP level 7. HP: 33/66 MP: 5/10
  2682 | D:4      | Found a shimmering altar of Xom.
  2682 | D:4      | Found a radiant altar of Vehumet.
  2807 | D:4      | Found a shimmering altar of Xom.
  2964 | D:5      | Entered Level 5 of the Dungeon
  3245 | D:5      | Reached XP level 8. HP: 42/75 MP: 6/11
  3417 | D:5      | Found a runed door.
  3422 | D:5      | Noticed Crazy Yiuf
  3430 | D:5      | Killed Crazy Yiuf
  3581 | D:5      | Found a hazy altar of Hepliaklqana.
  3641 | D:5      | Reached skill level 5 in Earth Magic
  3644 | D:5      | HP: 2/76 [giant frog (3)]
  3651 | D:5      | Reached skill level 5 in Unarmed Combat
  4154 | D:6      | Found Wathorel's Armour Shoppe.
  4492 | D:7      | Found a staircase to the Ecumenical Temple.
  4502 | Temple   | Entered the Ecumenical Temple
  4725 | D:7      | Reached XP level 9. HP: 71/85 MP: 8/13
  5586 | D:8      | Noticed a manticore
  5640 | D:8      | Reached skill level 5 in Fighting
  5701 | D:8      | HP: 3/88 [manticore (12)]
  5702 | D:8      | HP: 1/88 [manticore (3)]
  5702 | D:8      | Mangled by a manticore

Vault maps used:
D:1:      scummos_arrival_star
D:2:      first_bread, uniq_terence, uniq_robin
D:3:      minitemple
D:4:      amethyst_overflow_temple_binary, xom_teletrap_fun
D:5:      lemuel_coloured_pillars_altar, uniq_crazy_yiuf_cottage
D:6:      serial_shops, shop, glass_columns_a, grunt_ministairs_1
D:7:      the_bakery
D:8:      erik_lair_dragon, minmay_misc_feat_rugged, uniq_psyche
Temple:   regret_index_temple_sphere_string

Skill      XL: |  1  2  3  4  5  6  7  8  9 |
---------------+----------------------------+-----
Unarmed Combat | 1 2 3 4 5 6 |  6.3
Fighting       | 1 2 3 4 5 |  5.0
Earth Magic    | 3 4 5 6 |  6.1
Spellcasting   | 2 3 4 |  4.0
Dodging        | 2 3 |  3.0
Stealth        | |  1.1
Transmutations | |  0.6

Action                   |  1- 3 |  4- 6 |  7- 9 || total
-------------------------+-------+-------+-------++-------
Melee: Unarmed           |   114 |   180 |   385 ||   679
       Punch             |       |     4 |     9 ||    13
Throw: Javelin           |     3 |       |       ||     3
 Cast: Confusing Touch   |       |       |    16 ||    16
  Use: Scroll            |       |     2 |    11 ||    13
       Potion            |       |       |     3 ||     3
 Stab: Sleeping          |       |     1 |       ||     1
       Confused          |       |       |     1 ||     1
  Eat: Chunk             |     8 |    18 |    32 ||    58
Armor: Robe              |    57 |    50 |   132 ||   239
       Skin              |       |       |     6 ||     6
Dodge: Dodged            |    77 |    82 |   222 ||   381
